 Dungeon Crawl Stone Soup version 0.22-a0-223-g0f5d773 (webtiles) character file.

4234 vishdafish the Covered (level 10, -7/77 HPs)
             Began as a Demonspawn Gladiator on Feb 18, 2018.
             Was a Believer of Yredelemnul.
             Mangled by a yak (11 damage)
             ... on level 8 of the Dungeon.
             The game lasted 00:17:30 (9922 turns).

vishdafish the Covered (Demonspawn Gladiator)       Turns: 9922, Time: 00:17:31

Health: -7/77      AC:  6    Str: 16    XL:     10   Next: 9%
Magic:  14/14      EV: 21    Int: 10    God:    Yredelemnul [**....]
Gold:   351        SH:  0    Dex: 18    Spells: 9/9 levels left

rFire    + . .     SeeInvis +   a - +0 long sword
rCold    + . .     Gourm    .   (no shield)
rNeg     . . .     Faith    .   b - +0 leather armour
rPois    .         Spirit   .   c - +0 helmet
rElec    +         Reflect  .   y - +0 cloak
rCorr    .         Harm     .   (no gloves)
MR       .....                  (no boots)
Stlth    +.........             (no amulet)
HPRegen  0.22/turn              q - +5 ring of evasion
MPRegen  0.14/turn              n - ring of protection from fire

@: no status effects
A: claws 1, hooves 1, repulsion field 1, see invisible, agile 1, cold resistance
1, powered by pain 1, electricity resistance, evolution 2
a: Animate Remains, Recall Undead Slaves, Injury Mirror, Renounce Religion


You were on level 8 of the Dungeon.
You worshipped Yredelemnul.
Yredelemnul was pleased with you.
You were hungry.

You visited 2 branches of the dungeon, and saw 10 of its levels.

You collected 390 gold pieces.
You spent 39 gold pieces at shops.

Inventory:

Hand Weapons
 a - a +0 long sword (weapon)
 C - a +1 longbow of flaming
Missiles
 p - 71 bolts
Armour
 b - a +0 leather armour (worn)
 c - a +0 helmet (worn)
 y - a +0 cloak (worn)
Jewellery
 n - a ring of protection from fire (right claw)
 q - a +5 ring of evasion (left claw)
 r - an uncursed ring of wizardry
Wands
 t - a wand of iceblast (10)
 x - a wand of random effects (14)
Scrolls
 d - 5 scrolls of identify
 e - a scroll of enchant armour
 g - 3 scrolls of noise {unknown}
 h - 2 scrolls of remove curse
 i - 2 scrolls of magic mapping
 l - 5 scrolls of teleportation
 m - a scroll of amnesia {unknown}
 w - a scroll of blinking
 A - a scroll of fear {unknown}
Potions
 j - 2 potions of haste
 k - 5 potions of curing
 o - a potion of berserk rage
 s - a potion of cancellation
 u - 2 potions of heal wounds
 v - a potion of resistance
 z - 2 potions of flight
 B - a potion of brilliance {unknown}
Comestibles
 f - 13 rations
 D - 5 chunks of flesh


   Skills:
 + Level 6.6 Fighting
 - Level 6.1 Long Blades
 - Level 3.2 Throwing
 * Level 7.0 Armour
 - Level 4.0 Dodging
 - Level 5.0 Invocations
 * Level 6.2 Evocations


You had 9 spell levels left.
You didn't know any spells.

Dungeon Overview and Level Annotations

Branches:
Dungeon (9/15)             Temple (1/1) D:4
   Lair: D:8-11         Orc: D:9-12

Altars:
Ashenzari
Cheibriados
Dithmenos
Fedhas
Gozag
Hepliaklqana
Nemelex Xobeh
Qazlal
Ru
Sif Muna
Trog
Vehumet
Wu Jian
Xom
Yredelemnul
Zin
The Shining One

Shops:
D:5 [(   D:6 ?

Annotations:
D:3 Robin
D:7 kegs's ghost, novice HOFi
D:9 1 transporter


Innate Abilities, Weirdness & Mutations

You have large cloven feet.
You are surrounded by a mild repulsion field. (EV +2)
Your flesh is cold resistant. (rC+)
You sometimes gain a little power by taking damage.
You have sharp fingernails.
You have supernaturally acute eyesight. (SInv)
You are agile. (Dex +2)
You are resistant to electric shocks. (rElec)
You rapidly evolve.


Message History

You barely miss the yak. Your kick misses the yak.
The yak is almost dead.
The yak completely misses you.
You riposte.
You barely miss the yak. You kick the yak, but do no damage.
The yak is moderately wounded.
The yak closely misses you. The yak gores you! The ogre completely misses you.
The yak barely misses you.
You riposte.
You hit the yak. You kick the yak.
The yak is heavily wounded.
The yak gores you!
* * * LOW HITPOINT WARNING * * *
You hit the yak.
You kill the yak!
Yredelemnul accepts your kill. The yak gores you!
* * * LOW HITPOINT WARNING * * *
The yak closely misses you.
You riposte.
You hit the yak but do no damage.
The yak is heavily wounded.
The yak gores you!
You die...
Your body rises from the dead as a mindless zombie.

.# ##..# #.# ###...... .#
#...######.# #.##### .#
#.#.##.....# #.# # .#
#)#.##.###.### #.# # .##
#.#.##.#.>...## #.# # ..###
#.#.##.#......# #.# # ....#
#.#.##.#......# ##.#####
..#.# #.#.##.#......#
#.......
..#.#####.#.....@YY..##
#..#####
........#.#######O#.## #..#
....###.#.#######.#.######..#
.<.......................[..#
....#############.....####.##
...## #...........# ...###
#......###### .....#######
#.#...## ...........# #.##.##


You could see 2 yaks and an ogre.

Vanquished Creatures
  Pikel (D:5)
  The ghost of Karim the Gusty, a novice GnAE of Ashenzari (D:5)
  2 trolls
  3 yaks (D:8)
  A spriggan (D:7)
  A phantom (D:8)
  4 ice beasts
  A slave (D:5)
  2 ogres
  2 sky beasts
  2 centaurs
  6 bullfrogs
  A scorpion (D:5)
  A howler monkey (D:6)
  2 crimson imps
  4 hounds
  A bullfrog skeleton (D:5)
  A jelly (D:3)
  2 orc priests
  10 orc wizards
  2 centaur skeletons
  4 iguanas
  A hound skeleton (D:5)
  A howler monkey skeleton (D:3)
  7 gnolls
  2 howler monkey zombies
  7 adders
  An ooze (D:1)
  An adder skeleton (D:5)
  3 worms (D:3)
  2 dart slugs
  8 leopard geckos
  31 orcs
  3 giant cockroaches
  10 hobgoblins
  5 jackals
  4 quokkas
  A ball python (D:1)
  3 bats
  4 frilled lizards
  19 goblins
  8 kobolds
  7 rats
182 creatures vanquished.

Vanquished Creatures (collateral kills)
  A black bear (D:7)
1 creature vanquished.

Vanquished Creatures (others)
  A spriggan zombie (D:7)
  A bullfrog zombie (D:9)
  4 orc skeletons
  2 orc zombies (D:5)
8 creatures vanquished.

Grand Total: 191 creatures vanquished

Notes
Turn   | Place    | Note
-------+----------+-------------------------------------------
     0 | D:1      | vishdafish the Demonspawn Gladiator began the quest for the Orb.
     0 | D:1      | Reached XP level 1. HP: 16/16 MP: 1/1
    97 | D:1      | Gained mutation: You are surrounded by a mild repulsion field. (EV +2) [demonic ancestry]
    97 | D:1      | Reached XP level 2. HP: 16/22 MP: 2/2
   689 | D:1      | Gained mutation: Your flesh is cold resistant. (rC+) [demonic ancestry]
   689 | D:1      | Reached XP level 3. HP: 28/28 MP: 3/3
  1832 | D:3      | Reached XP level 4. HP: 4/34 MP: 4/4
  2495 | D:3      | Reached XP level 5. HP: 38/40 MP: 5/5
  2791 | D:3      | Noticed Robin
  2864 | D:3      | Gained mutation: You evolve. [potion of mutation]
  2864 | D:3      | Gained mutation: You rapidly evolve. [potion of mutation]
  2864 | D:3      | Gained mutation: You have sharp fingernails. [potion of mutation]
  3296 | D:3      | Found a radiant altar of Vehumet.
  3570 | D:2      | Gained mutation: You have large cloven feet. [demonic ancestry]
  3570 | D:2      | Reached XP level 6. HP: 34/47 MP: 6/6
  3575 | D:2      | Gained mutation: You are agile. (Dex +2) [evolution]
  4231 | D:4      | Found a staircase to the Ecumenical Temple.
  4243 | Temple   | Entered the Ecumenical Temple
  4261 | Temple   | Became a worshipper of Yredelemnul the Dark
  4284 | D:4      | Found a blossoming altar of Fedhas.
  4288 | D:4      | Found an ornate altar of the Wu Jian Council.
  4424 | D:4      | Gained mutation: You have supernaturally acute eyesight. (SInv) [evolution]
  4754 | D:4      | Found a bloodstained altar of Trog.
  5047 | D:5      | Entered Level 5 of the Dungeon
  5047 | D:5      | Noticed a sky beast
  5057 | D:5      | Killed a sky beast
  5057 | D:5      | Reached skill level 5 in Long Blades
  5057 | D:5      | Reached skill level 1 in Invocations
  5057 | D:5      | Reached XP level 7. HP: 44/53 MP: 6/8
  5104 | D:5      | Reached skill level 1 in Armour
  5163 | D:5      | Noticed Karim's ghost (novice GnAE)
  5445 | D:6      | Reached skill level 2 in Armour
  5864 | D:6      | Noticed Pikel
  5908 | D:5      | Killed Pikel
  5908 | D:5      | Reached skill level 3 in Armour
  5908 | D:5      | Reached XP level 8. HP: 42/61 MP: 9/11
  6120 | D:6      | Reached skill level 5 in Invocations
  6200 | D:6      | Found Gem Simes's Magic Scroll Shoppe.
  6221 | D:6      | Bought a scroll of teleportation for 39 gold pieces
  6318 | D:6      | Reached * piety under Yredelemnul
  6318 | D:6      | Reached skill level 1 in Evocations
  6581 | D:7      | Noticed a troll
  6773 | D:5      | Found Vog Zeko's Armour Shoppe.
  6773 | D:5      | Found Efixurph's Weapon Emporium.
  6887 | D:5      | Gained mutation: You are resistant to electric shocks. (rElec) [evolution]
  7046 | D:5      | Reached skill level 5 in Fighting
  7046 | D:5      | Reached skill level 4 in Armour
  7284 | D:5      | Killed Karim's ghost
  7284 | D:5      | Reached XP level 9. HP: 68/68 MP: 12/12
  7396 | D:6      | Killed a troll
  7396 | D:6      | Reached skill level 5 in Armour
  7403 | D:6      | Gained mutation: Your spells are a little easier to cast, but a little less powerful. [evolution]
  7893 | D:7      | Noticed kegs's ghost (novice HOFi)
  8697 | D:8      | Reached skill level 6 in Armour
  8791 | D:8      | Reached skill level 5 in Evocations
  8864 | D:8      | Found a sparkling altar of Nemelex Xobeh.
  8866 | D:8      | Found a glowing golden altar of the Shining One.
  8867 | D:8      | Found a hazy altar of Hepliaklqana.
  9037 | D:8      | Lost mutation: Your spells are a little easier to cast, but a little less powerful. [evolution]
  9178 | D:9      | Found a transporter.
  9186 | D:9      | Reached ** piety under Yredelemnul
  9191 | D:9      | Noticed a troll
  9352 | D:8      | Killed a troll
  9700 | D:8      | Gained mutation: You sometimes gain a little power by taking damage. [demonic ancestry]
  9700 | D:8      | Reached XP level 10. HP: 33/77 MP: 14/14
  9709 | D:8      | Reached skill level 7 in Armour
  9922 | D:8      | Mangled by a yak

Vault maps used:
D:1:      dpeg_arrival_rooms_b, minmay_tromino_i4
D:2:      first_ration, serial_curves, eino_curves_02, eino_curves_02
D:3:      overflow_temple_1_default, uniq_robin
D:4:      chequers_temple_overflow_statue_of_worship, minmay_temple_entry_grid,
          bloody_trog
D:5:      serial_shops, shop, shop
D:6:      serial_shops, shop_scrolls, uniq_pikel
D:7:      basic_altar, the_bakery, uniq_prince_ribbit1, uniq_crazy_yiuf_cottage
D:8:      gammafunk_temple_overflow_forgotten
D:9:      gammafunk_the_bubble, david_lair_shrubbed
Temple:   eino_temple_rhombus

Skill      XL: |  1  2  3  4  5  6  7  8  9 10 |
---------------+-------------------------------+-----
Dodging        | 3 4 |  4.0
Long Blades    | 3 4 5 6 |  6.1
Throwing       | 2 3 |  3.2
Fighting       | 3 4 5 6 |  6.6
Invocations    | 1 4 5 |  5.0
Armour         | 3 4 6 7 |  7.0
Evocations     | 3 6 |  6.2

Action                   |  1- 3 |  4- 6 |  7- 9 | 10-12 || total
-------------------------+-------+-------+-------+-------++-------
Melee: Long sword        |    90 |   199 |   365 |    14 ||   668
       Kick              |       |    34 |   181 |    13 ||   228
Throw: Throwing net      |     3 |     3 |     3 |       ||     9
Invok: Animate Remains   |       |       |    11 |       ||    11
Evoke: Wand              |       |       |     7 |     1 ||     8
  Use: Potion            |     1 |     3 |     8 |       ||    12
       Scroll            |       |       |    13 |       ||    13
 Stab: Held in net/web   |       |     3 |     1 |       ||     4
       Invisible         |       |       |     2 |       ||     2
  Eat: Chunk             |     2 |     6 |    10 |     1 ||    19
       Ration            |       |     2 |     2 |       ||     4
Armor: Leather armour    |    16 |    33 |    49 |     2 ||   100
Dodge: Dodged            |    90 |   149 |   363 |    29 ||   631
       Rpst.: Long sword |    32 |    51 |   108 |     9 ||   200

Table legend:
 A = Spawn XP
 B = Non-spawn XP
 C = Spawn XP percentage of total XP
 D = Spawn monster count
 E = Non-spawn monster count
 F = Spawn count percentage of total count
 G = Total turns spent on level
                    A         B        C        D         E        F      G
               +---------+---------+-------+---------+---------+-------+---------
         Total |       0 |    6049 |   0.0 |       0 |     182 |   0.0 |  9922
               +---------+---------+-------+---------+---------+-------+---------
           D:1 |       0 |      51 |   0.0 |       0 |      29 |   0.0 |  1062
           D:2 |       0 |      73 |   0.0 |       0 |      15 |   0.0 |  1631
           D:3 |       0 |     322 |   0.0 |       0 |      43 |   0.0 |  1419
           D:4 |       0 |     195 |   0.0 |       0 |      16 |   0.0 |   906
           D:5 |       0 |    1895 |   0.0 |       0 |      20 |   0.0 |  1150
           D:6 |       0 |     930 |   0.0 |       0 |      20 |   0.0 |  1669
           D:7 |       0 |     399 |   0.0 |       0 |       9 |   0.0 |   548
           D:8 |       0 |    1705 |   0.0 |       0 |      21 |   0.0 |  1355
           D:9 |       0 |     479 |   0.0 |       0 |       9 |   0.0 |   153
               +---------+---------+-------+---------+---------+-------+---------
